 Dungeon Crawl Stone Soup version 0.27-a0-1228-gfd60fd639a (webtiles) character file.

Game seed: 438239115422834634

658 Shayle the Ducker (level 7, -4/53 HPs)
             Began as a Djinni Ice Elementalist on June 8, 2021.
             Shot with an arrow by a centaur (10 damage)
             ... on level 5 of the Dungeon.
             The game lasted 00:13:05 (5655 turns).

Shayle the Ducker (Djinni Ice Elementalist)         Turns: 5655, Time: 00:13:06

Health: -4/53      AC:  6    Str:  7    XL:     7   Next: 86%
Gold:   176        EV: 14    Int: 19    God:
                   SH:  0    Dex: 13

rFire    + + .     SeeInvis .   t - +3 dagger (speed)
rCold    x . .     Faith    .   (no shield)
rNeg     . . .     Spirit   .   a - +0 robe
rPois    ∞         Reflect  .   m - +1 helmet
rElec    .         Harm     .   (no cloak)
rCorr    .         Rampage  .   l - +1 pair of gloves
Will     .....                  (boots unavailable)
Stlth    ++........             (no amulet)
HPRegen  0.17/turn              (no ring)
MPRegen  0.00/turn              (no ring)

@: flying
A: sickness immunity, fire resistance 2, cold vulnerability 1, float, innate
caster, hp casting, extra vitality 1
a: no special abilities


You were on level 5 of the Dungeon.
You visited 1 branch of the dungeon, and saw 5 of its levels.
You also visited: Sewer.

You collected 176 gold pieces.

Inventory:

Hand Weapons
 f - a +0 vorpal hand axe
 n - a +3 dagger
 t - a +3 dagger of speed (weapon)
 u - a +4 short sword
 v - a +1 whip of draining
Armour
 a - a +0 robe (worn)
 l - a +1 pair of gloves (worn)
 m - a +1 helmet (worn)
 q - a scarf of invisibility
Jewellery
 h - a ring of fire
 i - a ring of magical power
 o - a +6 ring of strength
Scrolls
 b - a scroll of blinking {unknown}
 e - 2 scrolls of noise {unknown}
 j - a scroll of magic mapping {unknown}
 r - a scroll of summoning {unknown}
 s - 2 scrolls of teleportation {unknown}
 w - a scroll of enchant armour
 x - a scroll of fear {unknown}
Potions
 c - 2 potions of haste
 d - 4 potions of heal wounds
 g - a potion of attraction
 k - a potion of cancellation {unknown}
 p - 2 potions of curing {unknown}
 z - a potion of might {unknown}
 A - 2 potions of magic {unknown}


   Skills:
 + Level 4.3 Fighting
 + Level 5.4 Dodging
 - Level 1.5 Stealth
 + Level 4.8 Spellcasting


You couldn't memorise any spells.
You knew the following spells:

 Your Spells              Type           Power      Damage    Failure   Level
a - Freeze                Ice            92%        1d10      1%          1
b - Frozen Ramparts       Ice            46%        1d6       5%          3
c - Ozocubu's Armour      Ice            23%        N/A       5%          3
d - Hailstorm             Conj/Ice       23%        3d7       17%         4
e - Metabolic Englaciati  Hex/Ice        11%        N/A       43%         5
f - Sandblast             Erth           46%        2d11      1%          1
g - Wereblood             Tmut           23%        N/A       2%          2
h - Inner Flame           Hex/Fire       23%        N/A       5%          3
Your spell library was empty.

Dungeon Overview and Level Annotations

Branches:
Dungeon (5/15)              Sewer (visited)
 Temple: D:4-7

Altars:

Shops:
D:2 =


Innate Abilities, Weirdness & Mutations

You are immune to sickness and miasma.
You are immune to poison.
Your flesh is very heat resistant. (rF++)
You are vulnerable to cold. (rC-)
You float through the air rather than walking.
You learn spells naturally, not from books.
Your magical power is your life essence.
You have superior vitality. (+4 HP)


Message History

HP restored.
A centaur comes into view.
The centaur shouts!
The centaur wields a +0 shortbow.
The centaur shoots an arrow.
The arrow hits you.
The centaur shoots an arrow.
The arrow barely misses you.
The centaur shoots an arrow.
The arrow hits you!
A phantom comes into view.
The centaur shoots an arrow.
The arrow barely misses you.
The centaur shoots an arrow.
The arrow hits you.
The centaur shoots an arrow.
The arrow hits you!
Found 15 gold pieces.
The centaur unwields a +0 shortbow.
The centaur closely misses you. The centaur barely misses you.
Casting: Frozen Ramparts (dangerous; 5% risk of failure)
Confirm with . or Enter, or press ? or * to list all spells.
Casting: Frozen Ramparts (dangerous; 5% risk of failure)
Press: ? - help, Dir - look around, f - activate The walls around you are covered in ice.
The wall freezes the centaur.
The centaur barely misses you.
The centaur kicks you but does no damage.
The phantom hits you but does no damage.
The wall freezes the centaur.
The centaur hits you. The centaur closely misses you.
Casting: Frozen Ramparts (dangerous; 5% risk of failure)
Confirm with . or Enter, or press ? or * to list all spells.
A film of ice covers your body!
The wall freezes the centaur.
The centaur hits you. The centaur misses you. The phantom hits you!
* * * LOW HITPOINT WARNING * * *
The phantom blinks!
You blink.
Your icy armour cracks and falls away as you move.
The frozen ramparts melt away as you move.
Okay, then.
You feel much better.
The centaur wields a +0 shortbow.
The centaur shoots an arrow.
The arrow hits you! The phantom hits you.
* * * LOW HITPOINT WARNING * * *
The centaur shoots an arrow.
The arrow hits you!
* * * LOW HITPOINT WARNING * * *
The phantom hits you but does no damage.
The centaur shoots an arrow.
The arrow hits you!
You die...

#.........###..#.####...####
#.........#≈##.#.# #......#
#......##.#.##.#.# #......#
#.......<.#≈##.#.# #......#
#..<...####≈##.#.# #......#
##...[## #≈##.#.# #......#
......# #≈##.#.######.####
#####.# #≈#....W......###
#.# #≈###.@#........# #.#
#÷# #........c..#
#.#####.###.##........#
#...........##........#
##############.........
#........## #........#
#$.......# #########


You could see a phantom and a centaur.

Vanquished Creatures
  Sigmund (D:2)
  A black bear (D:4)
  An ogre (D:4)
  An orc priest (D:4)
  2 orc wizards
  A hound skeleton (D:5)
  Robin (D:2)
  3 gnolls (D:5)
  6 adders
  An adder zombie (D:5)
  A worm (D:3)
  4 dart slugs
  9 orcs
  9 endoplasms
  3 giant cockroaches
  8 hobgoblins
  6 jackals (Sewer)
  12 kobolds
  4 quokkas
  9 ball pythons
  2 bats
  7 frilled lizards
  22 goblins
114 creatures vanquished.

Vanquished Creatures (others)
  16 plants (Sewer)
16 creatures vanquished.

Grand Total: 130 creatures vanquished

Notes
Turn   | Place    | Note
-------+----------+-------------------------------------------
     0 | D:1      | Shayle the Djinni Ice Elementalist began the quest for the
                  | Orb.
     0 | D:1      | Reached XP level 1. HP: 15/15 MP: 0/0
   498 | D:1      | Reached XP level 2. HP: 21/22 MP: 0/0
   785 | D:1      | Reached skill level 1 in Fighting
  1307 | D:2      | Reached XP level 3. HP: 25/27 MP: 0/0
  1307 | D:2      | Learned a level 1 spell: Sandblast
  1887 | D:2      | Noticed Robin
  1901 | D:2      | Reached skill level 3 in Dodging
  1922 | D:2      | Killed Robin
  1923 | D:2      | Reached XP level 4. HP: 25/33 MP: 0/0
  2342 | D:2      | Found Kusuwn's Jewellery Boutique.
  2658 | D:2      | Reached XP level 5. HP: 32/39 MP: 0/0
  2658 | D:2      | Learned a level 2 spell: Wereblood
  2753 | D:2      | Noticed Sigmund
  2758 | D:2      | Killed Sigmund
  2759 | D:2      | Reached skill level 4 in Dodging
  2759 | D:2      | Reached XP level 6. HP: 35/46 MP: 0/0
  3450 | D:3      | Found a faded altar of an unknown god.
  3932 | D:4      | Noticed an ogre
  3939 | D:4      | Killed an ogre
  3940 | D:4      | Reached XP level 7. HP: 39/51 MP: 0/0
  3940 | D:4      | Learned a level 3 spell: Inner Flame
  4192 | D:4      | Reached skill level 5 in Dodging
  4777 | D:5      | Entered Level 5 of the Dungeon
  4973 | D:5      | Found a glowing drain.
  4984 | Sewer    | Entered a sewer
  5655 | D:5      | Shot with an arrow by a centaur

Illustrated notes

Levels and vault maps discovered:
D:1:      noname_arrival_rooms_in_the_neighbourhood, layout_loops_ring,
          serial_glass, glass_columns_c, glass_columns_b, feat_on_display
D:2:      layout_basic, serial_shops, nicolae_shop_statue_plus,
          columned_hall_lemuel, minmay_fountain_box, uniq_robin, uniq_sigmund
D:3:      layout_basic, shapermc_ecumenical_altar_mp_urbaneastern
D:4:      layout_gridville, minmay_misc_feat_rows, nrook_mini_vaults,
          minmay_ogre_servants
D:5:      layout_basic, portal_sewer_entry_d

Skill      XL: |  1  2  3  4  5  6  7 |
---------------+----------------------+-----
Fighting       | 1 2 3 4 |  4.3
Dodging        | 3 4 5 |  5.4
Spellcasting   | 4 |  4.8
Stealth        | |  1.5

Action                   |  1- 3 |  4- 6 |  7- 9 || total
-------------------------+-------+-------+-------++-------
Melee: Unarmed           |     5 |       |       ||     5
       Hand axe          |    34 |    84 |       ||   118
       Dagger            |       |    13 |   156 ||   169
 Cast: Freeze            |    33 |     8 |     1 ||    42
       Frozen Ramparts   |     2 |    10 |     7 ||    19
       Hailstorm         |       |     2 |     1 ||     3
       Ozocubu's Armour  |       |     1 |     3 ||     4
  Use: Scroll            |     3 |     3 |       ||     6
       Potion            |       |       |     1 ||     1
 Stab: Sleeping          |     2 |     4 |     3 ||     9
Armor: Robe              |    17 |    22 |    47 ||    86
Dodge: Dodged            |    42 |    75 |    78 ||   195

Table legend: (Time is in decaauts)
 A = Elapsed time spent in this place.
 B = Non-inter-level travel time spent in this place.
 C = Inter-level travel time spent in this place.
 D = Time resting spent in this place.
 E = Time spent auto-exploring this place.
 F = Levels seen in this place.
 G = Mean time per level.
                   A        B        C        D        E       F      G
               +--------+--------+--------+--------+--------+-----+--------+
         Total |   5651 |   5552 |     99 |    568 |   3650 |   6 |  941.8 |
       Dungeon |   5116 |   5017 |     99 |    568 |   3376 |   5 | 1023.2 |
         Sewer |    535 |    535 |      0 |      0 |    274 |   1 |  535.0 |
               +--------+--------+--------+--------+--------+-----+--------+

Top non-repeatable levels by time:
     D:2: 1760 daAuts
     D:1: 1285 daAuts
     D:4: 1072 daAuts
     D:3: 693 daAuts
   Sewer: 535 daAuts
     D:5: 304 daAuts
